 Dungeon Crawl Stone Soup version 0.25.0-1-g7eea58d2a3 (webtiles) character file.

Game seed: 13404100444811403621

330 inmateoo the Insei (level 6, 0/42 HPs)
             Began as an Octopode Transmuter on June 13, 2020.
             Slain by a bullfrog (7 damage)
             ... in a sewer.
             The game lasted 00:04:39 (3116 turns).

inmateoo the Insei (Octopode Transmuter)            Turns: 3116, Time: 00:04:40

Health: 0/42       AC:  2    Str:  9    XL:     6   Next: 51%
Magic:  7/9        EV: 20    Int: 17    God:
Gold:   118        SH:  0    Dex: 18    Spells: 4/10 levels left

rFire    . . .     SeeInvis .     - Unarmed
rCold    . . .     Gourm    .   (shield currently unavailable)
rNeg     . . .     Faith    .   (helmet currently unavailable)
rPois    x         Spirit   .   (no amulet)
rElec    .         Reflect  .   (no ring)
rCorr    .         Harm     .   (no ring)
MR       .....                  (no ring)
Stlth    +++.......             (no ring)
HPRegen  0.14/turn              (no ring)
MPRegen  0.11/turn              (no ring)
                                (no ring)
                                (no ring)

@: spider-form (expiring), very slow
A: tiny, almost no armour, stealthy swim, (amphibious), 8 rings, (constrict 8)
a: End Transformation


You were in a sewer.
You were hungry.
You were a venomous arachnid creature.
You visited 1 branch of the dungeon, and saw 4 of its levels.
You also visited: Sewer.

You collected 118 gold pieces.

Inventory:

Missiles
 a - 29 arrows
 j - 3 javelins (quivered)
Wands
 g - a wand of disintegration (1)
Scrolls
 b - 2 scrolls of fog
 e - 3 scrolls of teleportation
 h - a scroll of immolation
Potions
 d - 2 potions of heal wounds
 f - a potion of haste {unknown}
 i - a potion of mutation
 k - 2 potions of resistance
 l - 2 potions of might {unknown}
Comestibles
 c - 8 rations


   Skills:
 + Level 3.5 Fighting
 - Level 2.0 Dodging
 * Level 5.8 Unarmed Combat
 + Level 2.5 Spellcasting
 - Level 2.0 Transmutations


You had 4 spell levels left.
You knew the following spells:

 Your Spells              Type           Power        Failure   Level  Hunger
a - Beastly Appendage     Tmut           #.....       22%         1    #......
b - Sticks to Snakes      Tmut           #.......     28%         2    ##.....
c - Spider Form           Tmut/Pois      #.........   58%         3    ###....

Your spell library contained the following spells:

 Spells                   Type           Power        Failure   Level  Hunger
 Ice Form                 Ice/Tmut       #.......     90%         4    #####..
 Blade Hands              Tmut           #.........   98%         5    ######.


Dungeon Overview and Level Annotations

Branches:
Dungeon (4/15)              Sewer (1/1)
 Temple: D:4-7

Altars:
Uskayaw


Innate Abilities, Weirdness & Mutations

You cannot wear most types of armour.
You are very stealthy in the water. (Stealth+)
((You are amphibious.))
You can wear up to eight rings at the same time.
((You can use your tentacles to constrict eight enemies at once.))
((Your skin changes colour to match your surroundings (Stealth+).))
((Your rubbery body absorbs attacks. (AC +1, EV +1)))


Message History

The bullfrog barely misses you.
Unknown command.
You barely miss the bullfrog.
The bullfrog is severely wounded.
The bullfrog completely misses you. The bullfrog misses you.
Unknown command.
Your unstable footing causes you to fumble your attack.
The bullfrog closely misses you.
Unknown command.
The bullfrog hits you! The bullfrog hits you.
* * * LOW HITPOINT WARNING * * *
You closely miss the bullfrog.
The bullfrog is almost dead.
The bullfrog misses you.
Unknown command.
Unknown command.
You barely miss the bullfrog.
The bullfrog is almost dead.
The bullfrog hits you!
You die...

##...............##
#.......#.........#
##......##'##......##
#......###..##......#
##.≈≈≈.# #..##.≈.≈≈.#
#≈≈≈≈≈≈# #####≈≈≈≈≈≈#
#≈≈≈≈≈≈# #≈≈≈≈≈≈#
#≈†≈≈≈≈# #≈≈≈≈≈≈#
#≈≈≈≈≈≈# #≈≈s≈≈≈#
#≈÷†≈≈≈# #≈≈F≈≈≈#
#≈††≈≈## #≈≈≈≈≈≈#
#≈..[.≈# #≈≈≈≈≈≈#
##≈.≈.≈# #≈≈≈≈.≈#
#≈≈≈≈≈≈# #≈≈≈≈.≈#
#≈≈≈≈≈≈# #≈≈≈#≈≈#
#≈≈≈≈≈≈# #≈≈≈≈#≈#
#≈≈≈≈≈≈# #≈≈≈≈≈≈#


You could see a bullfrog (very poisoned).

Vanquished Creatures
  A bullfrog (Sewer)
  An iguana (D:4)
  12 adders
  3 river rats (Sewer)
  2 oozes (Sewer)
  3 dart slugs
  A leopard gecko (D:3)
  7 bats
  4 giant cockroaches
  6 goblins
  8 hobgoblins
  11 jackals
  A quokka (D:3)
  12 ball pythons
  4 frilled lizards
  32 rats
108 creatures vanquished.

Vanquished Creatures (collateral kills)
  3 rats (Sewer)
3 creatures vanquished.

Grand Total: 111 creatures vanquished

Notes
Turn   | Place    | Note
-------+----------+-------------------------------------------
     0 | D:1      | inmateoo the Octopode Transmuter began the quest for the
                  | Orb.
     0 | D:1      | Reached XP level 1. HP: 13/13 MP: 3/3
   179 | D:1      | Reached XP level 2. HP: 14/18 MP: 5/5
   595 | D:1      | Reached XP level 3. HP: 24/24 MP: 6/6
   618 | D:1      | Learned a level 2 spell: Sticks to Snakes
   622 | D:1      | Learned a level 3 spell: Spider Form
   723 | D:2      | Reached skill level 4 in Unarmed Combat
   978 | D:2      | Reached XP level 4. HP: 15/29 MP: 5/7
  1717 | D:3      | Found a hide-covered altar of Uskayaw.
  1741 | D:4      | Reached XP level 5. HP: 13/35 MP: 6/8
  1954 | D:4      | Found a glowing drain.
  2026 | D:4      | Reached skill level 5 in Unarmed Combat
  2190 | Sewer    | Entered a sewer
  2682 | Sewer    | Reached XP level 6. HP: 35/42 MP: 7/9
  3116 | Sewer    | Slain by a bullfrog

Illustrated notes

Levels and vault maps discovered:
D:1:      dpeg_arrival_subterranean_lakeside_camping, layout_rooms
D:2:      minmay_wonky_spiral, layout_rooms, minmay_strange_pillars
D:3:      layout_basic, eat_drink_and_be_merry_uskayaw
D:4:      layout_loops_ring, first_ration, gup_sewer_entry_glass,
          roderic_batcave
Sewer:    sewer_minmay_w

Skill      XL: |  1  2  3  4  5 |
---------------+----------------+-----
Unarmed Combat | 4 5 |  5.8
Fighting       | 2 3 |  3.5
Dodging        | |  2.0
Spellcasting   | |  2.5
Transmutations | |  2.0

Action                   |  1- 3 |  4- 6 || total
-------------------------+-------+-------++-------
Melee: Unarmed           |    78 |   133 ||   211
       Constrict         |    20 |    28 ||    48
       Tentacles         |     8 |    20 ||    28
       Kick              |     4 |    10 ||    14
       Punch             |     1 |     2 ||     3
 Cast: Beastly Appendage |     4 |     6 ||    10
       Sticks to Snakes  |     1 |     3 ||     4
       Spider Form       |       |     2 ||     2
Evoke: Wand              |       |    12 ||    12
  Use: Scroll            |       |     7 ||     7
       Potion            |       |     2 ||     2
 Stab: Sleeping          |     7 |     6 ||    13
       Distracted        |       |     1 ||     1
  Eat: Chunk             |       |     7 ||     7
Armor: Skin              |    13 |     9 ||    22
Dodge: Dodged            |    45 |   113 ||   158
